 Dungeon Sprint DCSS version 0.17.2-1-ge4368a0 (webtiles) character file.

2803 mopl the Unseen (level 9, -6/46 HPs)
             Began as a Spriggan Assassin on Aug 21, 2016.
             Was a High Priest of Trog.
             Killed from afar by Dowan (23 damage)
             ... with a shard of ice
             ... in the Dungeon (Sprint III: "The Ten Rune Challenge").
             The game lasted 00:05:02 (985 turns).

mopl the Unseen (Spriggan Assassin)                  Turns: 985, Time: 00:05:02

Health: -6/46      AC:  3    Str:  7    XL:     9   Next: 44%
Magic:  14/14      EV: 25    Int: 12    God:    Trog [*****.]
Gold:   26         SH:  0    Dex: 21    Spells: 0 memorised, 8 levels left

rFire  . . .     SeeInvis +     a - +2 dagger
rCold  . . .     Clarity  .     c - +0 robe
rNeg   . . .     SustAt   .     (shield restricted)
rPois  .         Gourm    .     (helmet restricted)
rElec  .         Spirit   .     d - +0 cloak
rCorr  .         Warding  .     (gloves unavailable)
rMut   .         NoTele   +     (boots unavailable)
MR     +....                    (no amulet)
Stlth  ++++++++..               (no ring)
                                (no ring)

@: very quick, somewhat resistant to hostile enchantments, extraordinarily
stealthy
A: unfitting armour, see invisible, herbivore 3, speed 3, slow metabolism 2
a: Berserk, Trog's Hand, Brothers in Arms, Burn Spellbooks, Renounce Religion


You were in the Dungeon.
You worshipped Trog.
Trog was extremely pleased with you.
You were not hungry.

You visited 1 branch You collected 26 gold pieces.

Inventory:

Hand Weapons
 a - a +2 dagger (weapon)
 b - a +0 blowgun
 w - a +2 long sword of holy wrath
Missiles
 e - 7 poisoned needles
 z - a curare-tipped needle
 A - 4 throwing nets (quivered)
 B - 8 exploding tomahawks
Armour
 c - a +0 robe (worn)
 d - a +0 cloak (worn)
Wands
 l - a wand of hasting (5)
Scrolls
 m - a scroll of blinking
 n - 3 scrolls of remove curse {unknown}
 p - 2 scrolls of holy word {unknown}
 q - 2 scrolls of identify {unknown}
Potions
 f - a potion of degeneration {unknown}
 h - 2 potions of curing
 i - 2 potions of heal wounds
 j - a potion of haste
 k - 2 potions of magic
 o - 2 potions of mutation {unknown}
 r - a potion of brilliance {unknown}
 s - 3 potions of flight
 t - a potion of cure mutation {unknown}
 u - 2 potions of berserk rage {!q}
 v - 2 potions of might
Miscellaneous
 y - a box of beasts
Comestibles
 g - 2 bread rations
 x - a royal jelly


   Skills:
 + Level 4.6 Fighting
 + Level 7.8 Short Blades
 * Level 14.9 Throwing
 + Level 7.7 Dodging
 + Level 16.6 Stealth
 + Level 6.3 Evocations


You had 8 spell levels left.
You didn't know any spells.

Dungeon Overview and Level Annotations

Branches:
Dungeon (1/1)

Altars:
Cheibriados
Dithmenos
Elyvilon
Fedhas
Gozag
Kikubaaqudgha
Makhleb
Nemelex Xobeh
Okawaru
Qazlal
Ru
Sif Muna
Trog
Vehumet
Xom
Yredelemnul
Zin
The Shining One
Jiyva
Lugonu

Annotations:
D Dowan


Innate Abilities, Weirdness & Mutations

You are tiny and cannot use many weapons and most armour.
You have supernaturally acute eyesight.
You are a herbivore.
You cover ground extremely quickly.
You need consume almost no food.


Message History

Aim: Dowan, wielding a morningstar of distortion (heavily wounded, fast)
You throw a throwing net. The throwing net barely misses Dowan.
Dowan barely misses you.
Unknown command.
You hit Dowan.
Dowan is heavily wounded.
Dowan closely misses you.
You hit Dowan.
Dowan is heavily wounded.
Dowan casts a spell at you. The shard of ice hits you!
Ouch! That really hurt!
Throwing (i - inventory. (,) - cycle):
A - 5 throwing nets (quivered)
Press: ? - help, Shift-Dir - straight line, f/p - Dowan
Aim: Dowan, wielding a morningstar of distortion (heavily wounded, fast)
You throw a throwing net. The throwing net closely misses Dowan.
Dowan casts a spell at you. The shard of ice hits you!
Ouch! That really hurt!
You die...

.'##.#.#)##)#..##.....†#
.#...#..#..##..'.......#
▓▓▓▓▓▓▓▓▓▓▓▓▓▓▓#.......#
#.......# +.......#
#.......# ##'######
#e..+ #@..# #(.)# #####


You could see Dowan.

Vanquished Creatures
  Erolcha (D)
  Duvessa (D)
  A deep elf priest (D)
  A redback (D)
  A shadow (D)
  2 trapdoor spiders (D)
  2 hill giants (D)
  A spatial vortex (D)
  A necrophage (D)
  3 two-headed ogres (D)
  A water elemental (D)
  A jelly (D)
  A necromancer (D)
  A wizard (D)
  A wolf (D)
  3 humans (D)
  A kobold demonologist (D)
  An ooze (D)
  3 rats (D)
27 creatures vanquished.

Vanquished Creatures (others)
  2 draconian scorchers (D)
  A yaktaur (D)
3 creatures vanquished.

Grand Total: 30 creatures vanquished

Notes
Turn   | Place    | Note
--------------------------------------------------------------
     0 | D        | mopl the Spriggan Assassin began the quest for the Orb.
     0 | D        | Reached XP level 1. HP: 10/10 MP: 2/2
     9 | D        | Reached skill level 3 in Throwing
     9 | D        | Reached skill level 6 in Stealth
    38 | D        | Noticed a wolf
    46 | D        | Killed a wolf
    46 | D        | Reached skill level 5 in Throwing
    46 | D        | Reached skill level 7 in Stealth
    46 | D        | Reached XP level 2. HP: 14/14 MP: 3/3
    46 | D        | Reached XP level 3. HP: 18/18 MP: 4/4
    84 | D        | Reached skill level 6 in Throwing
    84 | D        | Reached skill level 8 in Stealth
   101 | D        | Noticed a water elemental
   224 | D        | Killed a white draconian scorcher
   241 | D        | Killed a water elemental
   241 | D        | Reached skill level 7 in Throwing
   241 | D        | Reached skill level 9 in Stealth
   241 | D        | Reached XP level 4. HP: 22/22 MP: 5/5
   274 | D        | Killed a white draconian scorcher
   291 | D        | Found a snail-covered altar of Cheibriados.
   291 | D        | Noticed a necrophage
   293 | D        | Noticed a necromancer
   308 | D        | Killed a necrophage
   308 | D        | Reached skill level 9 in Throwing
   308 | D        | Reached skill level 11 in Stealth
   308 | D        | Reached XP level 5. HP: 13/25 MP: 6/6
   309 | D        | Found a basalt altar of Yredelemnul.
   309 | D        | Found a blossoming altar of Fedhas.
   322 | D        | Killed a necromancer
   363 | D        | Killed a yaktaur
   521 | D        | Found an iron altar of Okawaru.
   522 | D        | Found a bloodstained altar of Trog.
   522 | D        | Noticed a human
   522 | D        | Noticed a human
   524 | D        | Killed a human
   524 | D        | Reached skill level 11 in Throwing
   524 | D        | Reached skill level 13 in Stealth
   524 | D        | Reached XP level 6. HP: 30/30 MP: 7/7
   525 | D        | Killed a human
   525 | D        | Reached skill level 12 in Throwing
   531 | D        | Became a worshipper of Trog the Wrathful
   539 | D        | Found a glowing silver altar of Zin.
   540 | D        | Found a glowing golden altar of the Shining One.
   540 | D        | Found a white marble altar of Elyvilon.
   540 | D        | Noticed a deep elf priest
   542 | D        | Killed a deep elf priest
   542 | D        | Reached skill level 4 in Short Blades
   542 | D        | Reached skill level 13 in Throwing
   542 | D        | Reached skill level 14 in Stealth
   542 | D        | Reached XP level 7. HP: 33/33 MP: 8/8
   557 | D        | Found a radiant altar of Vehumet.
   558 | D        | Found a deep blue altar of Sif Muna.
   558 | D        | Found an ancient bone altar of Kikubaaqudgha.
   558 | D        | Noticed a wizard
   559 | D        | Killed a wizard
   559 | D        | Reached * piety under Trog
   569 | D        | Reached ** piety under Trog
   569 | D        | Reached *** piety under Trog
   580 | D        | Noticed a jelly
   581 | D        | Noticed a shadow
   583 | D        | Killed a shadow
   583 | D        | Reached skill level 5 in Short Blades
   583 | D        | Reached skill level 15 in Stealth
   587 | D        | Killed a jelly
   592 | D        | Found a stormy altar of Qazlal.
   593 | D        | Found a sacrificial altar of Ru.
   593 | D        | Found a burning altar of Makhleb.
   593 | D        | Found a viscous altar of Jiyva.
   593 | D        | Found a shimmering altar of Xom.
   593 | D        | Found a shadowy altar of Dithmenos.
   593 | D        | Found a sparkling altar of Nemelex Xobeh.
   593 | D        | Found a corrupted altar of Lugonu.
   593 | D        | Found an opulent altar of Gozag.
   593 | D        | Noticed a spatial vortex
   596 | D        | Killed a spatial vortex
   596 | D        | Reached skill level 2 in Fighting
   596 | D        | Reached skill level 2 in Dodging
   596 | D        | Reached XP level 8. HP: 36/39 MP: 9/9
   608 | D        | Noticed a two-headed ogre
   608 | D        | Noticed a two-headed ogre
   612 | D        | Killed a two-headed ogre
   612 | D        | Reached skill level 3 in Dodging
   612 | D        | Reached skill level 1 in Evocations
   614 | D        | Killed a two-headed ogre
   614 | D        | Reached **** piety under Trog
   616 | D        | Noticed a two-headed ogre
   617 | D        | Killed a two-headed ogre
   617 | D        | Reached skill level 4 in Dodging
   617 | D        | Reached skill level 2 in Evocations
   622 | D        | Noticed a hill giant
   625 | D        | Killed a hill giant
   625 | D        | Reached skill level 6 in Short Blades
   630 | D        | Noticed a hill giant
   630 | D        | Noticed Erolcha
   656 | D        | Killed Erolcha
   656 | D        | Reached skill level 3 in Fighting
   656 | D        | Reached skill level 14 in Throwing
   656 | D        | Reached skill level 6 in Dodging
   656 | D        | Reached skill level 16 in Stealth
   656 | D        | Reached skill level 4 in Evocations
   667 | D        | Noticed a redback
   675 | D        | Killed a redback
   675 | D        | Reached skill level 7 in Short Blades
   675 | D        | Reached XP level 9. HP: 37/45 MP: 13/13
   752 | D        | Killed a hill giant
   752 | D        | Reached skill level 4 in Fighting
   752 | D        | Reached skill level 5 in Evocations
   786 | D        | Noticed a trapdoor spider
   789 | D        | Killed a trapdoor spider
   789 | D        | Reached ***** piety under Trog
   941 | D        | Noticed a trapdoor spider
   942 | D        | Killed a trapdoor spider
   942 | D        | Received a gift from Trog
   942 | D        | Reached skill level 7 in Dodging
   964 | D        | Noticed Dowan
   964 | D        | Noticed Duvessa
   970 | D        | Killed Duvessa
   970 | D        | Reached skill level 6 in Evocations
   985 | D        | Killed from afar by Dowan

Action                   |  1- 3 |  4- 6 |  7- 9 || total
-------------------------+-------+-------+-------++-------
Melee: Dagger            |    16 |    26 |    23 ||    65
 Fire: Blowgun           |     1 |     5 |    11 ||    17
Throw: Throwing net      |       |       |     7 ||     7
Invok: Burn Spellbooks   |       |       |     1 ||     1
       Trog's Hand       |       |       |     1 ||     1
       Brothers in Arms  |       |       |     1 ||     1
  Use: Potion            |     1 |       |       ||     1
 Stab: Sleeping          |     3 |     3 |    11 ||    17
       Distracted        |       |       |     1 ||     1
       Held in net/web   |       |       |     4 ||     4
